Map: Blackburn LE

Players

LiquidClem (Clem) - Winner!

  • Race: Terran Terran

DPGZest (Zest)

  • Race: Protoss Protoss
  • League: Master

VOD

Have the link to the VOD?

Description

Time

  • Played on: Oct. 23, 2021, 12:53 p.m.
  • Length: 9:42
Show
View Real Time Build Order
Export as new Build Order

LiquidClem Terran - Winner!

Build Orders: 1/1/1 

Get SALT Encoding   

  12  0:00  SCV  
  13  0:12  SCV  
  14  0:17  Supply Depot  
  14  0:24  SCV  
  15  0:38  SCV  
  15  0:40  Barracks  
  16  0:45  Refinery  
  16  0:50  SCV  
  16  0:52  Refinery  
  17  1:01  Supply Depot  
  17  1:04  SCV  
  18  1:16  SCV  
  19  1:28  Marine  
  19  1:29  Orbital Command  
  20  1:41  Factory  
  20  1:52  Barracks Reactor  
  20  1:54  SCV  
  21  2:07  SCV  
  22  2:19  SCV  
  23  2:26  Starport  
  23  2:31  Widow Mine  
  23  2:32  Widow Mine  
  23  2:33  Supply Depot, SCV  
  28  2:45  Armory  
  28  2:46  SCV  
  28  2:49  Marine  
  30  2:55  Widow Mine x2  
  34  3:01  Supply Depot  
  34  3:03  Medivac  
  36  3:16  Widow Mine  
  38  3:23  Widow Mine  
  38  3:24  SCV  
  41  3:32  Barracks Tech Lab  
  41  3:33  Medivac  
  43  3:37  Widow Mine  
  43  3:39  Supply Depot  
  45  3:44  Widow Mine  
  47  3:58  Command Center  
  47  4:02  Widow Mine  
  47  4:07  Medivac  
  49  4:14  Supply Depot  
  49  4:18  Widow Mine  
  49  4:20  SCV  
  52  4:31  Widow Mine  
  52  4:32  SCV  
  51  4:39  Widow Mine  
  51  4:43  Marine, Viking  
  52  4:49  Supply Depot  
  50  4:58  Bunker  
  48  5:07  SCV  
  47  5:11  Orbital Command  
  47  5:13  Viking  
  49  5:14  Marine  
  49  5:21  Cyclone  
  53  5:23  SCV  
  53  5:25  Marine  
  55  5:35  Barracks, SCV  
  54  5:37  SCV  
  55  5:44  Viking  
  55  5:45  Marine  
  55  5:47  Marine  
  55  5:49  SCV  
  60  5:50  SCV  
  64  5:57  Cyclone  
  64  6:01  SCV  
  61  6:06  Marine  
  61  6:07  SCV  
  63  6:12  Supply Depot  
  63  6:13  SCV  
  63  6:14  Barracks  
  64  6:19  Marine  
  64  6:21  Viking  
  64  6:23  Barracks Tech Lab, SCV  
  64  6:24  Marine  
  69  6:25  SCV  
  70  6:37  SCV, Marine  
  72  6:41  Marine  
  72  6:42  SCV  
  72  6:46  Marine  
  71  6:48  Stimpack, Siege Tank  
  71  6:49  SCV  
  71  6:51  Refinery  
  71  6:53  Engineering Bay  
  71  6:54  SCV  
  76  6:55  Marine  
  76  6:58  Refinery  
  76  6:59  Marine  
  78  7:01  Barracks Tech Lab, SCV  
  78  7:02  Starport Reactor  
  78  7:05  Marine  
  78  7:06  SCV  
  80  7:13  Marine  
  80  7:14  SCV  
  79  7:15  Supply Depot  
  79  7:17  Marine  
  79  7:18  SCV  
  79  7:24  Combat Shield  
  79  7:25  Marine x2  
  81  7:31  Supply Depot, Marine  
  81  7:32  Terran Infantry Weapons Level 1  
  81  7:34  SCV  
  81  7:35  SCV  
  84  7:37  Marine  
  85  7:48  Marauder x2  
  85  7:51  Marine  
  87  7:55  Supply Depot  
  87  7:58  SCV x2  
  89  8:01  Siege Tank  
  89  8:02  Marine  
  91  8:08  Marine  
  91  8:09  Marauder  
  91  8:10  SCV  
  95  8:14  Marine  
  96  8:21  Marine  
  96  8:22  Command Center  
  96  8:23  Medivac  
  96  8:26  Marine, Medivac  
  102  8:30  Marine  
  102  8:33  Marine  
  104  8:34  Supply Depot  
  104  8:38  Marine  
  104  8:39  Siege Tank  
  107  8:45  Marine  
  108  8:49  Supply Depot  
  108  8:51  SCV x2  
  108  8:53  Medivac  
  98  8:56  Marine  
  98  8:57  Marine  
  98  8:59  Marine  
  101  9:03  SCV, Marine  
  103  9:10  Barracks  
  103  9:13  Barracks  
  103  9:14  Marine  
  103  9:16  Marine  
  100  9:18  SCV  
  100  9:19  SCV  
  98  9:33  Supply Depot  
Show
View Real Time Build Order
Export as new Build Order

DPGZest Protoss 

Build Orders: 1 Gate Expand, Oracle Opening 

Get SALT Encoding   

  12  0:00  Probe  
  13  0:12  Probe  
  14  0:17  Pylon  
  14  0:24  Probe (Chrono Boost)  
  15  0:37  Gateway, Probe (Chrono Boost)  
  16  0:46  Assimilator, Probe (Chrono Boost)  
  17  0:51  Probe  
  18  1:03  Probe  
  19  1:15  Probe  
  20  1:25  Cybernetics Core  
  20  1:36  Nexus  
  20  1:39  Probe  
  21  1:47  Pylon  
  21  1:51  Probe  
  22  1:55  Assimilator  
  22  2:03  Probe  
  23  2:08  Stargate  
  23  2:15  Probe  
  24  2:17  Adept  
  26  2:26  Warp Gate  
  26  2:27  Probe  
  27  2:39  Probe  
  28  2:45  Void Ray (Chrono Boost)  
  28  2:48  Probe  
  28  2:49  Shield Battery  
  31  2:52  Probe (Chrono Boost)  
  31  2:57  Adept  
  36  3:01  Probe (Chrono Boost)  
  38  3:08  Pylon  
  38  3:10  Probe (Chrono Boost)  
  38  3:11  Probe (Chrono Boost)  
  39  3:16  Probe x2 (Chrono Boost)  
  39  3:17  Void Ray (Chrono Boost)  
  45  3:31  Gateway  
  45  3:33  Probe  
  46  3:34  Probe  
  47  3:44  Pylon  
  47  3:45  Probe  
  47  3:47  Probe  
  49  3:54  Oracle (Chrono Boost)  
  49  3:59  Probe  
  49  4:01  Probe  
  52  4:11  Probe  
  52  4:13  Pylon, Assimilator  
  52  4:14  Probe  
  54  4:17  Void Ray (Chrono Boost)  
  54  4:24  Probe  
  59  4:26  Probe  
  59  4:36  Probe  
  59  4:38  Probe  
  44  4:48  Probe  
  44  4:50  Probe  
  46  5:00  Probe (Chrono Boost)  
  46  5:02  Probe (Chrono Boost)  
  48  5:12  Probe (Chrono Boost)  
  47  5:14  Probe (Chrono Boost)  
  47  5:21  Probe x2 (Chrono Boost)  
  47  5:25  Oracle (Chrono Boost)  
  47  5:26  Nexus, Probe  
  52  5:28  Probe  
  53  5:37  Assimilator  
  53  5:38  Probe  
  53  5:40  Probe  
  54  5:50  Probe  
  54  5:53  Probe  
  54  5:54  Twilight Council  
  54  5:55  Forge  
  56  6:02  Probe (Chrono Boost)  
  55  6:07  Probe (Chrono Boost)  
  56  6:15  Probe (Chrono Boost)  
  58  6:22  Probe (Chrono Boost)  
  58  6:23  Probe (Chrono Boost)  
  58  6:25  Gateway x2  
  59  6:30  Probe (Chrono Boost)  
  61  6:34  Probe (Chrono Boost)  
  61  6:36  Probe (Chrono Boost)  
  62  6:41  Probe  
  62  6:42  Charge  
  62  6:43  Probe  
  62  6:44  Void Ray (Chrono Boost)  
  61  6:47  Protoss Ground Weapons Level 1 (Chrono Boost), Probe  
  61  6:48  Sentry  
  61  6:49  Zealot  
  69  6:55  Probe  
  70  7:02  Shield Battery x2  
  70  7:10  Stalker  
  70  7:11  Void Ray (Chrono Boost)  
  70  7:14  Stalker  
  77  7:27  Probe x2  
  79  7:34  Stalker x3  
  84  7:59  Nexus  
  84  8:04  Pylon  
  84  8:07  Pylon  
  84  8:21  Pylon x2  
  84  8:25  Probe x2  
  86  8:33  Void Ray (Chrono Boost)  
  85  8:38  Probe x2  
  85  8:39  Zealot x4  
  81  8:58  Probe x2  
  81  9:00  Gateway  
  81  9:03  Zealot x2  
  81  9:04  Gateway  
  85  9:11  Gateway  
  85  9:13  Pylon  
  85  9:15  Pylon  
  79  9:18  Zealot x2  
  79  9:32  Zealot x2  
Tags
 
Add a new tag
Caveats
  • Supply blocks, unpowered buildings, or Contaminate may cause inaccurate times.
  • Supply counts are checked every 10 seconds.